 Dungeon Crawl Stone Soup version 0.31.0-1-g2c135a0 (webtiles) character file.

Game seed: 18375458562425414778

2935 uploadmind the Cleaver (level 9, -3/79 HPs)
             Began as a Minotaur Berserker on Feb 22, 2024.
             Was an Elder of Trog.
             Succumbed to Maurice's poison
             ... on level 8 of the Dungeon.
             The game lasted 00:15:57 (7221 turns).

uploadmind the Cleaver (Minotaur Berserker)         Turns: 7221, Time: 00:15:58

Health: -3/79      AC: 14    Str: 27    XL:     9   Next: 51%
Magic:  6/8        EV: 12    Int:  4    God:    Trog [****..]
Gold:   0          SH:  0    Dex:  9    Spells: 8/8 levels left

rFire   . . .        a - +0 hand axe
rCold   . . .        (no shield)
rNeg    + . .        v - +4 scale mail of Oily Amelioration {*Corrode rElec rN+ Slay+3}
rPois   .            (helmet restricted)
rElec   +            (no cloak)
rCorr   +            (no gloves)
SInv    .            o - +1 pair of boots
Will    .....        h - amulet of regeneration Stlth
                     i - ring of resist corrosion
HPRegen 1.13/turn    u - ring of flight
MPRegen 0.11/turn

%: corrode self (3%)
@: mighty, lethally poisoned (-3 -> -24), on berserk cooldown, flying, slowed,
very slow
A: horns 2, retaliatory headbutt
a: Renounce Religion, Berserk, Trog's Hand, Brothers in Arms


You were on level 8 of the Dungeon.
You worshipped Trog.
Trog was greatly pleased with you.
You visited 1 branch of the dungeon, and saw 8 of its levels.
You also visited: Ossuary.

Inventory:

Hand Weapons
 a - a +0 hand axe (weapon)
Armour
 o - a +1 pair of boots (worn)
 v - the +4 scale mail of Oily Amelioration (worn) {*Corrode rElec rN+ Slay+3}
   (You found it on level 7 of the Dungeon)

   Slay+3:    It affects your accuracy & damage with ranged weapons and melee
   (+3).
   rElec:     It insulates you from electricity.
   rN+:       It protects you from negative energy.
   *Corrode:  It may corrode you when you take damage.
Jewellery
 h - an amulet of regeneration (around neck)
 i - a ring of resist corrosion (left hand)
 u - a ring of flight (right hand)
Wands
 c - a wand of roots (7)
 m - a wand of charming (11)
 q - a wand of light (9)
Scrolls
 f - 7 scrolls of teleportation
Potions
 e - a potion of ambrosia
 g - a potion of mutation
 j - 3 potions of resistance
 l - 2 potions of haste
 n - 3 potions of attraction
 p - 2 potions of might
 r - a potion of degeneration {unknown}
 s - a potion of magic {unknown}
 t - 2 potions of lignification


   Skills:
 + Level 7.5 Fighting
 + Level 11.1 Axes
 + Level 7.7 Armour
 + Level 6.0 Dodging
 + Level 1.6 Stealth


You had 8 spell levels left.
You didn't know any spells.
Your spell library was empty.

Dungeon Overview and Level Annotations

Branches:
Dungeon (8/15)             Temple (0/1) D:4         Ossuary (visited)
   Lair: D:8-11

Altars:
Wu Jian
Zin

Shops:
D:1 *   D:3 ([=   D:8 *

Annotations:
D:8 Maurice


Innate Abilities, Weirdness & Mutations

You have a pair of horns on your head.
You reflexively headbutt those who attack you in melee.


Message History

You feel your power leaking away. Something drains your magic.
You hit something.
You feel very sick. Something hits you but does no damage.
You are more poisoned.
Something bites you but does no damage.
You hit something. Your headbutt misses something.
You feel very sick. Something hits you but does no damage.
You are more poisoned.
Something bites you but does no damage.
You hit something but do no damage.
You feel very sick. Something hits you but does no damage.
You are more poisoned.
Something bites you but does no damage.
You slash something! Your punch misses something.
You feel very sick. Something hits you.
Something steals 76 gold pieces!
You now have 0 gold pieces.
Something bites you.
* * * LOW HITPOINT WARNING * * *
You feel your power leaking away. Something drains your magic.
You hit something.
You feel very sick.
You hear a zap.
A puff of flame appears from out of thin air!
The puff of flame hits you.
* * * LOW HITPOINT WARNING * * *
You miss something.
You feel very sick. Something hits you!
* * * LOW HITPOINT WARNING * * *
Something groans, "What are you, a monk?"
You are more poisoned.
Something bites you but does no damage.
It was a potion of might.
You feel very mighty all of a sudden.
You die...

...# ...## .......#.......
....# ................
##.#####..............#
#..#..................#.
##......................
#......................
#...............{......
##..............@)......
#.......................
........................
.....................^.....
..#...........##.............
####...........##.............
.##.............#.............
.....#.........>..##..........
.....##...........##..#........


There were no monsters in sight!

Vanquished Creatures
  Grinder (D:5)
  Sigmund (D:2)
  A wyvern (D:8)
  Menkaure (D:6)
  Edmund (D:4)
  Pargi (D:4)
  Duvessa (D:5)
  2 orc warriors
  An ogre (D:5)
  A centaur (D:8)
  2 bullfrogs
  3 scorpions
  4 wights
  A water moccasin zombie (Ossuary)
  Dowan (D:5)
  2 bombardier beetles
  A jelly (D:6)
  A hound (D:5)
  A human zombie (Ossuary)
  A bullfrog zombie (Ossuary)
  2 centaur zombies (Ossuary)
  3 orc priests
  A sleepcap (D:7)
  A gnoll bouda (D:4)
  Ijyb (D:5)
  Natasha (thrice) (D:3)
  An iguana (D:5)
  4 orc wizards
  2 scorpion zombies (Ossuary)
  3 ogre zombies (Ossuary)
  7 adders
  3 gnolls (D:4)
  3 shadow imps (D:6)
  A white imp (D:6)
  6 ufetubi
  4 adder zombies (Ossuary)
  6 dart slugs
  16 orcs
  8 ball pythons
  5 bats
  7 endoplasms
  4 giant cockroaches
  2 gnoll zombies (Ossuary)
  7 goblins
  7 hobgoblins
  2 jackals (D:3)
  A quokka (D:1)
  2 frilled lizards
  A goblin zombie (Ossuary)
  2 hobgoblin zombies (Ossuary)
  8 kobolds
  5 orc zombies (Ossuary)
  3 rats
159 creatures vanquished.

Vanquished Creatures (others)
  A jelly (D:6)
1 creature vanquished.

Grand Total: 160 creatures vanquished

Notes
Turn   | Place    | Note
-------+----------+-------------------------------------------
     0 | D:1      | uploadmind the Minotaur Berserker began the quest for the
                  | Orb.
     0 | D:1      | Reached XP level 1. HP: 19/19 MP: 0/0
    63 | D:1      | Found Baunaply's General Store.
   144 | D:1      | Reached skill level 4 in Axes
   144 | D:1      | Reached XP level 2. HP: 18/27 MP: 1/1
   929 | D:2      | Reached XP level 3. HP: 31/33 MP: 2/2
  1108 | D:2      | Noticed Sigmund
  1119 | D:2      | Killed Sigmund
  1120 | D:2      | Reached skill level 5 in Fighting
  1120 | D:2      | Reached skill level 5 in Axes
  1120 | D:2      | Reached XP level 4. HP: 9/42 MP: 3/3
  1120 | D:2      | Reached XP level 5. HP: 11/48 MP: 4/4
  1692 | D:2      | Found a faded altar of an unknown god.
  1842 | D:3      | Reached ** piety under Trog
  1902 | D:3      | Found Zafosa Feus's Jewellery Shop.
  1902 | D:3      | Noticed Natasha
  1915 | D:3      | Killed Natasha
  2138 | D:3      | Found Uziukiph's Antique Armour Shoppe.
  2141 | D:3      | Reached XP level 6. HP: 56/56 MP: 5/5
  2474 | D:3      | Noticed Natasha
  2488 | D:3      | Killed Natasha
  2489 | D:3      | Reached skill level 6 in Axes
  2667 | D:3      | Found Osiasigi's Weapon Shoppe.
  2745 | D:3      | Noticed Natasha
  2749 | D:3      | Killed Natasha
  3125 | D:4      | Noticed Edmund
  3138 | D:4      | Killed Edmund
  3219 | D:4      | Reached skill level 1 in Stealth
  3241 | D:4      | Reached XP level 7. HP: 47/61 MP: 6/6
  3467 | D:4      | Found a staircase to the Ecumenical Temple.
  3477 | D:4      | Reached *** piety under Trog
  3478 | D:4      | Reached skill level 5 in Armour
  3684 | D:4      | Noticed Pargi
  3704 | D:4      | Killed Pargi
  4361 | D:5      | Entered Level 5 of the Dungeon
  4362 | D:5      | Noticed Grinder
  4372 | D:5      | Killed Grinder
  4373 | D:5      | Reached skill level 7 in Axes
  4571 | D:5      | Noticed Duvessa
  4571 | D:5      | Noticed Dowan
  4585 | D:5      | Killed Duvessa
  4586 | D:5      | Reached skill level 8 in Axes
  4586 | D:5      | Reached XP level 8. HP: 26/70 MP: 7/7
  4601 | D:5      | Killed Dowan
  4712 | D:5      | Noticed Ijyb
  4722 | D:5      | Killed Ijyb
  5447 | D:6      | Noticed Menkaure
  5453 | D:6      | Reached skill level 9 in Axes
  5460 | D:6      | Killed Menkaure
  5468 | D:6      | Found a sand-covered staircase.
  5512 | Ossuary  | Entered an ossuary
  5574 | Ossuary  | Reached skill level 5 in Dodging
  5610 | Ossuary  | Reached **** piety under Trog
  5654 | Ossuary  | Reached XP level 9. HP: 79/79 MP: 8/8
  5690 | Ossuary  | Noticed a silent spectre
  5759 | D:6      | Reached skill level 10 in Axes
  6523 | D:7      | Identified the +4 scale mail of Oily Amelioration {*Corrode
                  | rElec rN+ Slay+3}
  6658 | D:7      | Found an ornate altar of the Wu Jian Council.
  6833 | D:8      | Noticed Maurice
  6854 | D:8      | Something stole a throwing net
  6855 | D:8      | Something stole 369 gold
  6969 | D:8      | Found Zin's Purification Station.
  6970 | D:8      | Found a glowing silver altar of Zin.
  7190 | D:8      | Reached skill level 11 in Axes
  7214 | D:8      | Something stole a ring of poison resistance
  7218 | D:8      | Something stole 76 gold
  7221 | D:8      | Succumbed to Maurice's poison

Illustrated notes

Levels and vault maps discovered:
D:1:      evilmike_arrival_rings, layout_basic, serial_shops, shop
D:2:      cheibrodos_helix_gallery, layout_basic,
          shapermc_ecumenical_altar_hornbeckon, uniq_sigmund
D:3:      layout_loops_corners, serial_shops, shop, nicolae_shop_stone, shop,
          minmay_misc_feat_four_crosses, chequers_jeans, minmay_crystal_room,
          uniq_natasha
D:4:      layout_layer_cave, minmay_temple_entry_statues, uniq_pargi,
          uniq_edmund
D:5:      layout_loops_ring, amcnicky_mini_pool_small, uniq_grinder,
          uniq_duvessa, uniq_ijyb
D:6:      layout_loops_ring, nicolae_ossuary_entry_ruins,
          hangedman_minor_gate_pass, uniq_menkaure
D:7:      layout_cave_pools, mainiacjoe_overflow_paths, skrybe_limestone_x
D:8:      layout_cave_pools, zin_purify, uniq_maurice

Skill      XL: |  1  2  3  4  5  6  7  8  9 |
---------------+----------------------------+-----
Axes           | 4 5 6 8 9 11 | 11.1
Fighting       | 4 5 6 7 |  7.5
Armour         | 3 4 6 7 |  7.7
Dodging        | 3 4 5 6 |  6.0
Stealth        | 1 |  1.6

Action                     |  1- 3 |  4- 6 |  7- 9 || total
---------------------------+-------+-------+-------++-------
  Melee: Hand axe          |    46 |   108 |   356 ||   510
         Headbutt          |     6 |    17 |    64 ||    87
         Punch             |       |       |     2 ||     2
 Invoke: Berserk           |       |       |     2 ||     2
    Use: Scroll            |     2 |     3 |    10 ||    15
         Potion            |     2 |       |    11 ||    13
 Armour: Animal skin       |    24 |       |       ||    24
         Ring mail         |     8 |    80 |   214 ||   302
         Scale mail        |       |       |    79 ||    79
         Skin              |       |       |    22 ||    22
  Dodge: Dodged            |    37 |    68 |   246 ||   351
